 Dungeon Crawl Stone Soup version 0.28-a0-664-gc179e30c89 (webtiles) character file.

Game seed: 2594581426719571329

7695 pokeman the Thaumaturge (level 11, -18/61 HPs)
             Began as a Deep Elf Hedge Wizard on Oct 15, 2021.
             Was a Follower of Vehumet.
             Killed from afar by Erolcha (20 damage)
             ... with a fireball
             ... on level 9 of the Dungeon on Oct 16, 2021.
             The game lasted 00:33:09 (11429 turns).

pokeman the Thaumaturge (Deep Elf Hedge Wizard)    Turns: 11429, Time: 00:33:09

Health: -18/61     AC: 10    Str:  7    XL:     11   Next: 0%
Magic:  32/40      EV: 11    Int: 23    God:    Vehumet [*.....]
Gold:   637        SH:  0    Dex: 14    Spells: 26/38 levels left

rFire   . . .      SeeInvis .   t - +3 dagger (venom)
rCold   . . .      Faith    .   (no shield)
rNeg    . . .      Spirit   .   D - +0 acid dragon scales
rPois   .          Reflect  .   c - +0 hat
rElec   .          Harm     .   F - +2 cloak
rCorr   +          Rampage  .   (no gloves)
Will    +....                   (no boots)
Stlth   ++........              (no amulet)
HPRegen 0.20/turn               y - ring of magical power
MPRegen 0.27/turn               w - ring of flight

@: flying
A: no striking features
a: Renounce Religion


You were on level 9 of the Dungeon.
You worshipped Vehumet.
Vehumet was aware of your devotion.
You visited 2 branches of the dungeon, and saw 10 of its levels.

You collected 637 gold pieces.

Inventory:

Hand Weapons
 t - a +3 dagger of venom (weapon)
 A - a +0 shortbow
Missiles
 i - 122 arrows
 m - 88 bolts
Armour
 c - a +0 hat (worn)
 u - a +0 kite shield
 D - +0 acid dragon scales (worn)
 F - a +2 cloak (worn)
Magical Staves
 E - a staff of cold
 H - a staff of earth
Jewellery
 d - a +6 ring of dexterity
 w - a ring of flight (right hand)
 y - a ring of magical power (left hand)
 I - a +6 ring of strength
 L - a ring of resist corrosion
Wands
 q - a wand of flame (38)
 z - a wand of charming (6)
 B - a wand of mindburst (9)
 G - a wand of digging (3)
Scrolls
 a - 2 scrolls of noise {unknown}
 b - a scroll of immolation {unknown}
 e - 6 scrolls of teleportation {unknown}
 h - 3 scrolls of amnesia {unknown}
 l - 7 scrolls of identify {unknown}
 n - a scroll of fog {unknown}
 p - a scroll of magic mapping {unknown}
 s - a scroll of blinking {unknown}
 v - 2 scrolls of enchant armour {unknown}
 K - a scroll of summoning {unknown}
Potions
 f - 2 potions of heal wounds
 g - a potion of ambrosia {unknown}
 j - 3 potions of curing {unknown}
 k - a potion of attraction {unknown}
 o - a potion of flight {unknown}
 r - 2 potions of magic {unknown}
 x - a potion of degeneration {unknown}
 C - a potion of mutation {unknown}
 J - a potion of might {unknown}


   Skills:
 - Level 4.1 Fighting
 - Level 4.0 Armour
 - Level 3.0 Dodging
 - Level 3.0 Stealth
 + Level 0.0 Shields
 * Level 14.4 Spellcasting
 + Level 8.3 Conjurations
 - Level 1.1 Summonings
 - Level 1.1 Translocations
 + Level 7.5 Fire Magic
 - Level 1.1 Ice Magic
 - Level 2.0 Air Magic
 - Level 1.3 Poison Magic
 - Level 1.0 Evocations


You had 26 spell levels left.
You knew the following spells:

 Your Spells              Type           Power      Damage    Failure   Level
a - Magic Dart            Conj           100%       1d8       1%          1
b - Mephitic Cloud        Conj/Pois/Air  34%        N/A       3%          3
c - Call Imp              Summ           21%        N/A       6%          2
d - Blink                 Tloc           N/A        N/A       6%          2
e - Conjure Flame         Conj/Fire      52%        6-21      1%          3
f - Foxfire               Conj/Fire      100%       2x1d9     1%          1

Your spell library contained the following spells:

 Spells                   Type           Power      Damage    Failure   Level
 Slow                     Hex            16%        N/A       10%         2
 Confusing Touch          Hex            16%        N/A       19%         3
 Vampiric Draining        Necr           8%         2d7       19%         3
 Animate Dead             Necr           8%         N/A       54%         4
 Borgnjor's Vile Clutch   Necr/Erth      8%         N/A       87%         5
 Death Channel            Necr           8%         N/A       100%        6


Dungeon Overview and Level Annotations

Branches:
Dungeon (9/15)             Temple (1/1) D:7
   Lair: D:8-11         Orc: D:9-12

Altars:
Ashenzari
Cheibriados
Dithmenos
Elyvilon
Gozag
Hepliaklqana
Kikubaaqudgha
Makhleb
Nemelex Xobeh
Qazlal
Uskayaw
Vehumet
Yredelemnul
Zin
The Shining One

Annotations:
D:8 3 runed translucent doors, lawman0's ghost, novice PaBe
D:9 Erolcha


Message History

Here: Erolcha, wielding a +0 giant club and wearing a +0 robe (lightly wounded, unusually resistant)
The floor.
Unknown command.
Casting: Conjure Flame (safe; 1% risk of failure)
Confirm with . or Enter, or press ? or * to list all spells.
Aiming: Mephitic Cloud (dangerous; 3% risk of failure)
Press: ? - help, Shift-Dir - straight line, f/p - Erolcha
Aim: Erolcha, wielding a +0 giant club and wearing a +0 robe (lightly wounded, unusually resistant, chance to affect: 72%) That beam is likely to hit you.
Continue anyway?
The ball explodes into a vile cloud!
The stinking cloud engulfs Erolcha but does no damage.
Erolcha is lightly wounded.
The stinking cloud engulfs you but does no damage.
You are engulfed in noxious fumes.
You choke on the stench!
You are confused.
Erolcha barely misses you.
Unknown command.
You bump into the rock wall.
You are engulfed in noxious fumes.
You choke on the stench!
You are more confused.
Erolcha hits you with a +0 giant club!
Unknown command.
You bump into the rock wall.
You are engulfed in noxious fumes.
Erolcha misses you.
You feel less confused.
Erolcha gestures wildly while chanting.
Erolcha flickers and vanishes!
Deactivating autopickup; reactivate with Ctrl-A.
Unknown command.
Unknown command.
Casting: Mephitic Cloud (dangerous; 3% risk of failure)
Confirm with . or Enter, or press ? or * to list all spells.
A metallic apparition takes form in the air.
Something hits you!!
* * * LOW HITPOINT WARNING * * *
Unknown command.
You hear some strange, mumbled words.
A fireball appears from out of thin air!
The fireball explodes!
The fireball engulfs you!!
You die...

#.# #.# #.# #.#
####.# #.5..#
#{##.#
...#########.##.#
.......<..##@##.#
##.######.##.##.#
#.##.##.##
#.##.#.#.##
[######.##..###.##
...........## ##.#
######...##.###.##
#...###[#.## #...#
##.##


You could see a friendly iron imp (summoned).

Vanquished Creatures
  2 two-headed ogres (D:8)
  Pikel (D:8)
  Maurice (D:8)
  A troll (D:6)
  Grinder (D:5)
  Sigmund (D:3)
  8 yaks
  Menkaure (D:4)
  2 acid dragons
  A water moccasin (D:6)
  Duvessa (D:6)
  3 sky beasts
  2 orc warriors
  An ice beast (D:5)
  A black bear (D:6)
  A necrophage (D:6)
  9 centaurs
  3 ogres (D:6)
  A phantom (D:7)
  A lemure (D:8)
  A kobold brigand (D:6)
  Blork the orc (D:4)
  3 bullfrogs
  A gnoll sergeant (D:8)
  A scorpion (D:6)
  Dowan (D:6)
  A wyvern zombie (D:6)
  A wyvern skeleton (D:6)
  A water moccasin skeleton (D:5)
  2 centaur zombies
  3 bullfrog zombies
  4 bullfrog skeletons
  3 jellies
  Crazy Yiuf (D:4)
  2 hounds
  Terence (D:3)
  Jessica (D:3)
  Natasha (thrice) (D:3)
  5 iguanas
  2 orc wizards
  2 killer bee zombies (D:8)
  A howler monkey zombie (D:8)
  4 gnolls
  10 adders
  2 white imps
  A dart slug (D:4)
  4 worms
  12 orcs
  4 ball pythons
  4 bats
  5 endoplasms
  2 giant cockroaches
  8 goblins
  5 hobgoblins
  5 jackals (D:5)
  4 kobolds
  4 quokkas
  3 frilled lizards
  3 rats
163 creatures vanquished.

Vanquished Creatures (collateral kills)
  An iguana (D:6)
1 creature vanquished.

Grand Total: 164 creatures vanquished

Notes
Turn   | Place    | Note
-------+----------+-------------------------------------------
     0 | D:1      | pokeman the Deep Elf Hedge Wizard began the quest for the
                  | Orb.
     0 | D:1      | Reached XP level 1. HP: 10/10 MP: 7/7
   268 | D:1      | Reached XP level 2. HP: 15/15 MP: 7/9
  1054 | D:2      | Reached skill level 5 in Spellcasting
  1148 | D:2      | Reached XP level 3. HP: 17/20 MP: 4/11
  1440 | D:2      | Reached skill level 1 in Fighting
  1444 | D:2      | Learned a level 3 spell: Mephitic Cloud
  1447 | D:2      | Learned a level 2 spell: Call Imp
  1450 | D:2      | Learned a level 2 spell: Blink
  1454 | D:2      | Learned a level 3 spell: Conjure Flame
  1765 | D:2      | Reached skill level 1 in Armour
  1924 | D:2      | Reached XP level 4. HP: 25/25 MP: 8/13
  2153 | D:2      | Found a faded altar of an unknown god.
  2306 | D:3      | Noticed Jessica
  2312 | D:3      | Killed Jessica
  2313 | D:3      | Reached skill level 1 in Fire Magic
  2605 | D:3      | Reached XP level 5. HP: 29/29 MP: 12/15
  2649 | D:3      | Reached skill level 6 in Spellcasting
  3077 | D:3      | Noticed Terence
  3085 | D:3      | Killed Terence
  3378 | D:3      | Noticed Natasha
  3380 | D:3      | Noticed Sigmund
  3402 | D:3      | Killed Sigmund
  3403 | D:3      | Reached skill level 7 in Spellcasting
  3403 | D:3      | Reached skill level 1 in Air Magic
  3403 | D:3      | Reached skill level 1 in Poison Magic
  3403 | D:3      | Reached XP level 6. HP: 23/34 MP: 5/18
  3405 | D:3      | Killed Natasha
  3600 | D:3      | Noticed Natasha
  3607 | D:3      | Killed Natasha
  3615 | D:3      | Noticed Natasha
  3624 | D:3      | Killed Natasha
  3814 | D:4      | Reached skill level 1 in Evocations
  3893 | D:4      | Noticed Menkaure
  3967 | D:4      | Noticed Blork the orc
  4012 | D:4      | Killed Blork the orc
  4013 | D:4      | Reached XP level 7. HP: 36/38 MP: 3/20
  4460 | D:4      | Found a runed translucent door.
  4461 | D:4      | Noticed Crazy Yiuf
  4728 | D:4      | Killed Crazy Yiuf
  4910 | D:4      | Killed Menkaure
  4911 | D:4      | Reached skill level 8 in Spellcasting
  5187 | D:5      | Entered Level 5 of the Dungeon
  5738 | D:5      | Reached skill level 9 in Spellcasting
  5738 | D:5      | Reached XP level 8. HP: 22/44 MP: 23/23
  6020 | D:5      | Noticed Grinder
  6065 | D:5      | Paralysed by Grinder for 2 turns
  6343 | D:5      | Identified the +1 robe of the Mind {+Inv Str+5 Dex-2}
  6443 | D:5      | Paralysed by Grinder for 3 turns
  6455 | D:5      | Killed Grinder
  6456 | D:5      | Reached skill level 5 in Conjurations
  6716 | D:6      | Noticed Duvessa
  6720 | D:6      | Noticed Dowan
  6729 | D:6      | Killed Duvessa
  6730 | D:6      | Reached skill level 10 in Spellcasting
  6760 | D:6      | Killed Dowan
  7355 | D:6      | Reached XP level 9. HP: 48/48 MP: 25/25
  7554 | D:6      | Reached skill level 11 in Spellcasting
  7781 | D:6      | Noticed a troll
  7789 | D:6      | Reached skill level 5 in Fire Magic
  7790 | D:6      | Killed a troll
  7959 | D:6      | Reached skill level 1 in Ice Magic
  8420 | D:6      | Reached skill level 12 in Spellcasting
  8916 | D:7      | Found a staircase to the Ecumenical Temple.
  8927 | Temple   | Entered the Ecumenical Temple
  8932 | Temple   | Became a worshipper of Vehumet
  8970 | D:7      | Reached XP level 10. HP: 49/56 MP: 28/28
  9586 | D:7      | Reached skill level 13 in Spellcasting
  9962 | D:8      | Noticed Pikel
  9972 | D:8      | Killed Pikel
  9972 | D:8      | Reached * piety under Vehumet
  9972 | D:8      | Offered knowledge of Foxfire by Vehumet.
  9975 | D:8      | Learned a level 1 spell: Foxfire
  9979 | D:8      | Noticed Maurice
 10003 | D:8      | Killed Maurice
 10176 | D:8      | Identified the +4 leather armour of Subjectivity {rElec rC+
                  | Int-2 Dex+3}
 10788 | D:8      | Noticed a two-headed ogre
 10799 | D:8      | Killed a two-headed ogre
 10800 | D:8      | Reached skill level 14 in Spellcasting
 10804 | D:8      | Noticed a two-headed ogre
 10827 | D:8      | Killed a two-headed ogre
 10982 | D:8      | Reached XP level 11. HP: 61/61 MP: 31/31
 11047 | D:8      | Found a runed translucent gate.
 11280 | D:8      | Found a runed translucent gate.
 11280 | D:8      | Found a runed translucent gate.
 11283 | D:8      | Noticed lawman0's ghost (novice PaBe)
 11406 | D:9      | Noticed Erolcha
 11428 | D:9      | HP: 2/61 [something (20)]
 11429 | D:9      | Killed from afar by Erolcha

Illustrated notes

Levels and vault maps discovered:
D:1:      dpeg_arrival_shrine, layout_loops_ring, minivault_19,
          kennysheep_small_spiral, minmay_misc_feat_plants, st_stairs_5
D:2:      layout_loops_ring, hellmonk_ecumenical_altar_leap_of_faith
D:3:      layout_rooms, uniq_natasha, uniq_sigmund, uniq_terence, uniq_jessica
D:4:      layout_loops_ring, uniq_blork_the_orc, uniq_crazy_yiuf_cottage,
          uniq_menkaure
D:5:      layout_rooms, kennysheep_generic_room_5, uniq_edmund, uniq_grinder
D:6:      kennysheep_windowed_halls, layout_basic, uniq_duvessa
D:7:      layout_loops_ring, temple_statues, serial_rivers,
          chequers_serial_rivers_micro_b, chequers_serial_rivers_marsh,
          chequers_serial_rivers_small_a, chequers_serial_rivers_room_b,
          centaur_isle
D:8:      layout_loops_ring, gammafunk_ghost_spectres, uniq_maurice, uniq_pikel
D:9:      layout_loops_ring, uniq_erolcha
Temple:   dpeg_three_leaves_temple

Skill      XL: |  1  2  3  4  5  6  7  8  9 10 |
---------------+-------------------------------+-----
Spellcasting   | 5 7 9 10 12 14 | 14.4
Fighting       | 1 2 3 4 |  4.1
Conjurations   | 2 3 4 5 7 8 |  8.3
Armour         | 1 2 3 4 |  4.0
Fire Magic     | 1 3 4 6 7 |  7.5
Dodging        | 3 |  3.0
Stealth        | 3 |  3.0
Air Magic      | 1 2 |  2.0
Poison Magic   | 1 |  1.3
Evocations     | 1 |  1.0
Ice Magic      | 1 |  1.1
Summonings     | |  1.1
Translocations | |  1.1

Action                   |  1- 3 |  4- 6 |  7- 9 | 10-12 || total
-------------------------+-------+-------+-------+-------++-------
Melee: Dagger            |       |     2 |    83 |    79 ||   164
       Mace              |       |    17 |     2 |       ||    19
 Cast: Magic Dart        |    83 |    87 |   133 |    34 ||   337
       Mephitic Cloud    |       |    11 |    25 |    17 ||    53
       Conjure Flame     |       |     8 |    25 |    21 ||    54
       Call Imp          |       |     2 |     3 |     3 ||     8
       Blink             |       |     1 |     5 |       ||     6
 Stab: Confused          |       |     3 |     8 |     7 ||    18
       Sleeping          |       |       |     1 |       ||     1
Armor: Robe              |       |     1 |       |       ||     1
       Leather armour    |       |     3 |    12 |       ||    15
       Acid dragon scale |       |       |       |    33 ||    33
Dodge: Dodged            |    10 |    20 |    65 |    61 ||   156

Table legend: (Time is in decaauts)
 A = Elapsed time spent in this place.
 B = Non-inter-level travel time spent in this place.
 C = Inter-level travel time spent in this place.
 D = Time resting spent in this place.
 E = Time spent auto-exploring this place.
 F = Levels seen in this place.
 G = Mean time per level.
                   A        B        C        D        E       F      G
               +--------+--------+--------+--------+--------+-----+--------+
         Total |  11435 |  11137 |    298 |   1434 |   7855 |  10 | 1143.5 |
       Dungeon |  11420 |  11122 |    298 |   1434 |   7855 |   9 | 1268.9 |
        Temple |     14 |     14 |      0 |      0 |      0 |   1 |   14.0 |
               +--------+--------+--------+--------+--------+-----+--------+

Top non-repeatable levels by time:
     D:6: 2202 daAuts
     D:4: 1674 daAuts
     D:8: 1543 daAuts
     D:2: 1427 daAuts
     D:3: 1267 daAuts
     D:5: 1247 daAuts
     D:1: 1027 daAuts
     D:7: 973 daAuts
     D:9: 56 daAuts
  Temple: 14 daAuts
